General information
- name: BNet
- type: Ladder team game (AT/RT)
- host: Battle.net
- saver: Ze.Rath3isaFaig
map: Friends
- players: 8
- length: 34:21
- speed: Fast
- version: 1.24 W3XP
- replay type: Public
» download(271 KB)
Players
team 1 (loser)

»
MaTiX- (
red | 70 APM | 2392 actions | 34:00)
6 Death Knight
3 Death Coil
2 Unholy Aura
1 Animate Dead
5 Lich
3 Frost Nova
2 Frost Armor
4 Dreadlord
2 Sleep
2 Vampiric Aura
» actions
| Assign group hotkey | 24 | |
| Build / train | 73 | |
| Enter build submenu | 21 | |
| Enter hero's abilities submenu | 15 | |
| Give item / drop item | 5 | |
| Remove unit from queue | 3 | |
| Right click | 835 | |
| Select / deselect | 614 | |
| Select group hotkey | 690 | |
| Use ability | 111 | |
2392 total
» units
| Acolyte | 6 | |
| Ghoul | 3 | |
| Crypt Fiend | 7 | |
| Obsidian Statue | 2 | |
| Frost Wyrm | 7 | |
| Goblin Zeppelin | 1 | |
26 total
» upgrades
| Creature Attack | 3 | |
| Creature Carapace | 2 | |
| Web | 1 | |
| Freezing Breath | 1 | |
| Burrow | 1 | |
8 total
» buildings
| Graveyard | 2 | |
| Ziggurat | 9 | |
| Crypt | 1 | |
| Altar of Darkness | 1 | |
| Tomb of Relics | 1 | |
| Nerubian Tower | 1 | |
| Halls of the Dead | 1 | |
| Slaughterhouse | 1 | |
| Black Citadel | 1 | |
| Sacrificial Pit | 1 | |
| Boneyard | 2 | |
21 total
» build order
00:22 Graveyard
00:28 Ziggurat
00:39 Crypt
01:04 Altar of Darkness
01:13 Tomb of Relics
02:00 Ziggurat
02:45 Nerubian Tower
04:22 Ziggurat
05:51 Halls of the Dead
07:12 Ziggurat
08:49 Slaughterhouse
09:52 Black Citadel
10:04 Ziggurat
11:08 Sacrificial Pit
12:31 Boneyard
12:34 Boneyard
12:37 Ziggurat
12:40 Ziggurat
18:25 Ziggurat
19:27 Ziggurat
29:02 Graveyard
» items
| Rod of Necromancy | 1 | |
| Healing Salve | 2 | |
| Lesser Clarity Potion | 4 | |
| Scroll of Town Portal | 5 | |
| Orb of Corruption | 2 | |
14 total

»
esphixiation (
yellow | 64 APM | 2193 actions | 34:20)
6 Blademaster
3 Wind Walk
2 Critical Strike
1 Bladestorm
6 Shadow Hunter
2 Hex
3 Healing Wave
1 Big Bad Voodoo
» actions
| Assign group hotkey | 338 | |
| Basic commands | 158 | |
| Build / train | 111 | |
| Enter build submenu | 14 | |
| Enter hero's abilities submenu | 12 | |
| Give item / drop item | 2 | |
| Right click | 569 | |
| Select / deselect | 515 | |
| Select group hotkey | 329 | |
| Use ability | 145 | |
2193 total
» units
| Peon | 18 | |
| Grunt | 8 | |
| Goblin Zeppelin | 2 | |
| Shaman | 19 | |
| Tauren | 13 | |
60 total
» upgrades
| Shaman Training | 2 | |
| Melee Weapons | 3 | |
| Armor | 3 | |
| Pulverize | 1 | |
| Reinforced Defenses | 1 | |
10 total
» buildings
| Altar of Storms | 1 | |
| Orc Burrow | 6 | |
| War Mill | 1 | |
| Barracks | 1 | |
| Voodoo Lounge | 1 | |
| Stronghold | 1 | |
| Spirit Lodge | 1 | |
| Fortress | 1 | |
| Tauren Totem | 2 | |
| Great Hall | 1 | |
16 total
» build order
00:19 Altar of Storms
00:29 Orc Burrow
00:53 War Mill
01:08 Barracks
01:38 Voodoo Lounge
02:02 Orc Burrow
02:57 Orc Burrow
04:18 Stronghold
06:51 Spirit Lodge
06:56 Orc Burrow
07:39 Fortress
10:12 Tauren Totem
10:14 Tauren Totem
17:50 Great Hall
19:07 Orc Burrow
19:09 Orc Burrow
» items
| Lesser Clarity Potion | 3 | |
| Healing Salve | 4 | |
| Scroll of Speed | 1 | |
| Scroll of Town Portal | 2 | |
| Orb of Lightning | 1 | |
| Potion of Mana | 4 | |
| Potion of Healing | 3 | |
| Tiny Great Hall | 1 | |
| Ankh of Reincarnation | 1 | |
| Runed Bracers | 1 | |
| Potion of Restoration | 1 | |
| Health Stone | 1 | |
| Spiked Collar | 1 | |
| Boots of Quel'Thalas +6 | 1 | |
25 total

»
Sapito (
purple | 54 APM | 1826 actions | 34:03)
6 Death Knight
3 Death Coil
2 Death Pact
1 Animate Dead
» actions
| Assign group hotkey | 33 | |
| Build / train | 79 | |
| Enter build submenu | 15 | |
| Enter hero's abilities submenu | 6 | |
| Give item / drop item | 1 | |
| Remove unit from queue | 5 | |
| Right click | 894 | |
| Select / deselect | 438 | |
| Select group hotkey | 279 | |
| Use ability | 76 | |
1826 total
» units
| Acolyte | 7 | |
| Ghoul | 2 | |
| Crypt Fiend | 22 | |
| Obsidian Statue | 8 | |
| Goblin Sapper | 2 | |
| Banshee | 12 | |
| Goblin Zeppelin | 1 | |
54 total
» upgrades
| Creature Attack | 3 | |
| Creature Carapace | 2 | |
| Web | 1 | |
| Burrow | 1 | |
| Banshee Training | 2 | |
9 total
» buildings
| Crypt | 2 | |
| Ziggurat | 6 | |
| Altar of Darkness | 1 | |
| Graveyard | 1 | |
| Nerubian Tower | 1 | |
| Halls of the Dead | 1 | |
| Slaughterhouse | 1 | |
| Tomb of Relics | 1 | |
| Black Citadel | 1 | |
| Temple of the Damned | 2 | |
17 total
» build order
00:11 Crypt
00:16 Ziggurat
00:43 Altar of Darkness
01:01 Graveyard
02:01 Ziggurat
02:03 Nerubian Tower
03:06 Ziggurat
04:15 Halls of the Dead
06:46 Slaughterhouse
07:57 Ziggurat
07:59 Ziggurat
08:00 Ziggurat
08:16 Tomb of Relics
09:38 Crypt
16:54 Black Citadel
18:06 Temple of the Damned
18:07 Temple of the Damned
» items

»
JdBp (
blue | 45 APM | 1556 actions | 34:16)
7 Death Knight
3 Death Coil
3 Unholy Aura
1 Animate Dead
3 Lich
2 Frost Nova
1 Frost Armor
» actions
| Assign group hotkey | 25 | |
| Basic commands | 11 | |
| Build / train | 74 | |
| Enter build submenu | 18 | |
| Enter hero's abilities submenu | 10 | |
| Give item / drop item | 1 | |
| Right click | 739 | |
| Select / deselect | 334 | |
| Select group hotkey | 232 | |
| Use ability | 112 | |
1556 total
» units
| Acolyte | 4 | |
| Ghoul | 3 | |
| Crypt Fiend | 9 | |
| Obsidian Statue | 9 | |
| Abomination | 3 | |
| Meatwagon | 2 | |
30 total
» upgrades
| Creature Carapace | 3 | |
| Creature Attack | 3 | |
| Web | 1 | |
| Unholy Armor | 1 | |
| Unholy Strength | 1 | |
| Disease Cloud | 1 | |
| Destroyer Form | 1 | |
| Ghoul Frenzy | 1 | |
12 total
» buildings
| Crypt | 1 | |
| Tomb of Relics | 1 | |
| Ziggurat | 9 | |
| Altar of Darkness | 1 | |
| Graveyard | 2 | |
| Nerubian Tower | 2 | |
| Halls of the Dead | 2 | |
| Slaughterhouse | 3 | |
| Black Citadel | 2 | |
| Spirit Tower | 5 | |
| Necropolis | 1 | |
29 total
» build order
00:22 Crypt
00:25 Tomb of Relics
00:30 Ziggurat
00:48 Altar of Darkness
01:10 Graveyard
01:32 Nerubian Tower
02:01 Ziggurat
04:51 Halls of the Dead
05:31 Ziggurat
05:34 Ziggurat
08:00 Slaughterhouse
08:03 Slaughterhouse
08:06 Ziggurat
08:08 Nerubian Tower
08:53 Black Citadel
11:38 Ziggurat
12:38 Spirit Tower
12:39 Spirit Tower
14:53 Necropolis
14:55 Ziggurat
15:16 Ziggurat
15:50 Ziggurat
16:44 Halls of the Dead
18:23 Spirit Tower
19:22 Black Citadel
19:30 Graveyard
20:34 Slaughterhouse
31:55 Spirit Tower
31:56 Spirit Tower
» items
| Rod of Necromancy | 1 | |
| Sacrificial Skull | 2 | |
| Scroll of Town Portal | 3 | |
| Orb of Corruption | 1 | |
| Potion of Mana | 1 | |
8 total
team 2 (winner)
Ze.Rath3isaFaig (
orange | 91 APM | 3116 actions | 34:21)
7 Death Knight
3 Death Coil
3 Unholy Aura
1 Animate Dead
6 Dark Ranger
2 Black Arrow
3 Silence
1 Charm
5 Firelord
3 Summon Lava Spawn
2 Incinerate
» actions
| Assign group hotkey | 31 | |
| Basic commands | 730 | |
| Build / train | 81 | |
| Enter build submenu | 19 | |
| Enter hero's abilities submenu | 18 | |
| Give item / drop item | 1 | |
| Right click | 1033 | |
| Select / deselect | 496 | |
| Select group hotkey | 569 | |
| Use ability | 138 | |
3116 total
» units
| Acolyte | 3 | |
| Ghoul | 4 | |
| Crypt Fiend | 8 | |
| Goblin Shredder | 1 | |
| Obsidian Statue | 7 | |
| Frost Wyrm | 7 | |
30 total
» upgrades
| Creature Attack | 2 | |
| Creature Carapace | 3 | |
| Web | 1 | |
| Destroyer Form | 1 | |
7 total
» buildings
| Graveyard | 1 | |
| Crypt | 1 | |
| Ziggurat | 9 | |
| Altar of Darkness | 1 | |
| Tomb of Relics | 1 | |
| Nerubian Tower | 1 | |
| Spirit Tower | 1 | |
| Halls of the Dead | 1 | |
| Black Citadel | 1 | |
| Slaughterhouse | 1 | |
| Sacrificial Pit | 1 | |
| Boneyard | 2 | |
| Necropolis | 1 | |
22 total
» build order
00:53 Graveyard
01:01 Crypt
01:26 Ziggurat
01:41 Altar of Darkness
01:54 Ziggurat
02:22 Tomb of Relics
03:03 Nerubian Tower
03:39 Spirit Tower
06:36 Halls of the Dead
06:45 Ziggurat
08:05 Ziggurat
08:06 Ziggurat
09:32 Black Citadel
09:34 Slaughterhouse
12:03 Sacrificial Pit
12:56 Boneyard
14:35 Boneyard
15:27 Ziggurat
17:14 Ziggurat
28:13 Ziggurat
29:50 Ziggurat
30:25 Necropolis
» items
| Rod of Necromancy | 1 | |
| Scroll of Speed | 2 | |
| Scroll of Town Portal | 2 | |
| Scroll of Healing | 1 | |
| Orb of Corruption | 1 | |
7 total
TLoo98 (
green | 51 APM | 1748 actions | 34:20)
5 Mountain King
3 Storm Bolt
2 Bash
5 Paladin
2 Holy Light
3 Devotion Aura
» actions
| Assign group hotkey | 35 | |
| Basic commands | 113 | |
| Build / train | 89 | |
| ESC pressed | 3 | |
| Enter build submenu | 30 | |
| Enter hero's abilities submenu | 11 | |
| Right click | 411 | |
| Select / deselect | 426 | |
| Select group hotkey | 529 | |
| Use ability | 101 | |
1748 total
» units
| Peasant | 12 | |
| Rifleman | 16 | |
| Mortar Team | 14 | |
| Siege Engine | 8 | |
50 total
» upgrades
| Masonry | 3 | |
| Long Rifles | 1 | |
| Gunpowder | 3 | |
| Flare | 1 | |
| Fragmentation Shards | 1 | |
| Armor | 2 | |
| Barrage | 1 | |
| Plating | 3 | |
15 total
» buildings
| Altar of Kings | 1 | |
| Farm | 13 | |
| Blacksmith | 1 | |
| Barracks | 1 | |
| Scout Tower | 4 | |
| Arcane Tower | 1 | |
| Arcane Vault | 1 | |
| Keep | 1 | |
| Lumber Mill | 1 | |
| Guard Tower | 3 | |
| Workshop | 3 | |
| Castle | 1 | |
| Town Hall | 1 | |
32 total
» build order
00:35 Altar of Kings
00:50 Farm
01:04 Blacksmith
01:30 Farm
01:37 Barracks
01:42 Scout Tower
02:37 Farm
02:45 Arcane Tower
03:06 Arcane Vault
03:19 Farm
04:00 Farm
06:50 Keep
07:07 Scout Tower
07:10 Lumber Mill
07:31 Scout Tower
07:34 Scout Tower
08:13 Guard Tower
08:44 Farm
08:47 Guard Tower
09:29 Workshop
09:32 Farm
09:37 Guard Tower
09:47 Farm
10:30 Workshop
12:51 Farm
14:15 Castle
15:38 Farm
19:14 Farm
20:34 Town Hall
25:12 Farm
25:29 Workshop
28:03 Farm
» items
| Scroll of Town Portal | 3 | |
| Scroll of Regeneration | 1 | |
| Orb of Fire | 2 | |
6 total
zerololo (
teal | 60 APM | 2073 actions | 34:20)
6 Blademaster
3 Mirror Image
1 Wind Walk
1 Critical Strike
1 Bladestorm
6 Shadow Hunter
3 Healing Wave
2 Hex
1 Big Bad Voodoo
» actions
| Assign group hotkey | 86 | |
| Basic commands | 135 | |
| Build / train | 89 | |
| ESC pressed | 3 | |
| Enter build submenu | 27 | |
| Enter hero's abilities submenu | 12 | |
| Right click | 582 | |
| Select / deselect | 406 | |
| Select group hotkey | 615 | |
| Use ability | 118 | |
2073 total
» units
| Peon | 10 | |
| Grunt | 3 | |
| Wind Rider | 19 | |
| Shaman | 18 | |
| Goblin Zeppelin | 1 | |
| Goblin Shredder | 1 | |
| Troll Witch Doctor | 2 | |
| Kodo Beast | 1 | |
55 total
» upgrades
| Shaman Training | 2 | |
| Envenomed Spears | 1 | |
| Ranged Weapons | 3 | |
| Armor | 2 | |
| Witch Doctor Training | 2 | |
| Troll Regeneration | 1 | |
| War Drums Damage Increase | 1 | |
| Spirit Walker Training | 1 | |
| Liquid Fire | 1 | |
14 total
» buildings
| Altar of Storms | 1 | |
| Orc Burrow | 11 | |
| Voodoo Lounge | 2 | |
| Barracks | 1 | |
| Stronghold | 1 | |
| Fortress | 1 | |
| Beastiary | 3 | |
| Spirit Lodge | 1 | |
| Great Hall | 1 | |
| War Mill | 1 | |
23 total
» build order
00:29 Altar of Storms
00:43 Orc Burrow
00:57 Voodoo Lounge
01:42 Orc Burrow
02:07 Barracks
03:05 Stronghold
03:51 Orc Burrow
04:00 Orc Burrow
06:14 Fortress
06:19 Beastiary
06:20 Beastiary
06:34 Beastiary
06:40 Spirit Lodge
09:47 Orc Burrow
09:56 Orc Burrow
10:07 Orc Burrow
12:55 Orc Burrow
13:04 Orc Burrow
13:31 Orc Burrow
13:41 Orc Burrow
15:04 Voodoo Lounge
20:04 Great Hall
20:33 War Mill
» items
| Healing Salve | 1 | |
| Orb of Lightning | 1 | |
| Scroll of Regeneration | 1 | |
| Scroll of Town Portal | 1 | |
4 total

»
MeMpHiS_III (
pink | 81 APM | 2791 actions | 34:20)
5 Far Seer
3 Feral Spirit
2 Chain Lighting
6 Tauren Chieftain
2 Shockwave
3 Endurance Aura
1 Reincarnation
» actions
| Assign group hotkey | 88 | |
| Basic commands | 215 | |
| Build / train | 161 | |
| ESC pressed | 6 | |
| Enter build submenu | 17 | |
| Enter hero's abilities submenu | 11 | |
| Remove unit from queue | 11 | |
| Right click | 503 | |
| Select / deselect | 731 | |
| Select group hotkey | 913 | |
| Use ability | 135 | |
2791 total
» units
| Peon | 13 | |
| Grunt | 15 | |
| Tauren | 26 | |
| Troll Witch Doctor | 14 | |
68 total
» upgrades
| Berserker Strength | 2 | |
| Berserker Upgrade | 1 | |
| Pulverize | 1 | |
| Melee Weapons | 3 | |
| Armor | 3 | |
| Spiked Barricades | 0 | |
| Witch Doctor Training | 2 | |
12 total
» buildings
| Altar of Storms | 1 | |
| Orc Burrow | 7 | |
| Barracks | 1 | |
| Stronghold | 4 | |
| War Mill | 1 | |
| Voodoo Lounge | 1 | |
| Fortress | 4 | |
| Tauren Totem | 2 | |
| Spirit Lodge | 1 | |
22 total
» build order
00:08 Altar of Storms
00:22 Orc Burrow
00:40 Barracks
01:30 Orc Burrow
03:31 Stronghold
03:32 Stronghold
03:32 Stronghold
04:00 War Mill
06:53 Voodoo Lounge
07:35 Orc Burrow
08:21 Fortress
08:22 Fortress
08:22 Fortress
10:32 Orc Burrow
10:49 Tauren Totem
10:49 Tauren Totem
12:36 Orc Burrow
15:51 Orc Burrow
17:57 Spirit Lodge
19:59 Orc Burrow
» items
| Rod of Necromancy | 5 | |
| Lesser Clarity Potion | 3 | |
| Healing Salve | 3 | |
| Scroll of Town Portal | 2 | |
| Scourge Bone Chimes | 1 | |
| Dust of Appearance | 1 | |
15 total
Chat log
(01:10 / Allies) TLoo98: rifles to siege here
(01:57 / Allies) Ze.Rath3isaFaig: how long was I afk?
(02:07 / Allies) TLoo98: not very
(02:13 / Allies) Ze.Rath3isaFaig: k
(04:30 / Allies) Ze.Rath3isaFaig: got 4 here
(04:35 / Allies) Ze.Rath3isaFaig: tp please
(04:57 / Allies) Ze.Rath3isaFaig: any day teal
(05:10 / Allies) Ze.Rath3isaFaig: b
(05:11 / Allies) Ze.Rath3isaFaig: teal isn't here
(05:13 / Allies) Ze.Rath3isaFaig: fucking faggot
(05:21 / Allies) Ze.Rath3isaFaig: unit pink
(06:56 / Allies) TLoo98: they going north
(06:58 / Allies) Ze.Rath3isaFaig: back
(07:01 / Allies) Ze.Rath3isaFaig: fucking just sit tight
(07:40 / Allies) Ze.Rath3isaFaig: coming i'll tp
(07:47 / Allies) Ze.Rath3isaFaig: fuck din't call to arms man
(07:56 / Allies) TLoo98: hex
(08:09 / Allies) Ze.Rath3isaFaig: b
(08:12 / Allies) Ze.Rath3isaFaig: go cc or soething
(08:14 / Allies) Ze.Rath3isaFaig: wait until we ahve magic
(08:24 / Allies) Ze.Rath3isaFaig: blood lust and it's over
(09:44 / Allies) Ze.Rath3isaFaig: meet
(09:46 / Allies) Ze.Rath3isaFaig: we hit the ud
(09:50 / Allies) Ze.Rath3isaFaig: we can main him then tp out
(10:47 / Allies) Ze.Rath3isaFaig: get out
(10:48 / Allies) Ze.Rath3isaFaig: wow
(10:49 / Allies) Ze.Rath3isaFaig: GET OUT
(10:50 / All) JdBp: them vs undead?
(11:19 / Allies) TLoo98: all tp
(11:23 / Allies) Ze.Rath3isaFaig: go tp
(11:23 / Allies) Ze.Rath3isaFaig: go now
(12:07 / Allies) Ze.Rath3isaFaig: counter now
(12:18 / All) Ze.Rath3isaFaig: you're not too smart
(12:28 / All) Ze.Rath3isaFaig: rofl 2 dks down
(12:37 / Allies) Ze.Rath3isaFaig: back side
(13:09 / Allies) Ze.Rath3isaFaig: wait for teal
(13:37 / Allies) Ze.Rath3isaFaig: b
(13:38 / Allies) Ze.Rath3isaFaig: a bit
(14:43 / Allies) Ze.Rath3isaFaig: OUT
(14:49 / Allies) Ze.Rath3isaFaig: out now
(14:51 / Allies) Ze.Rath3isaFaig: we need the taurens
(15:08 / Allies) MeMpHiS_III: coming
(15:14 / Allies) Ze.Rath3isaFaig: meet and ifght here
(15:24 / All) JdBp: oj
(15:26 / All) JdBp: stat in my base
(15:34 / All) Ze.Rath3isaFaig: thanks
(16:05 / Allies) Ze.Rath3isaFaig: b
(16:09 / Allies) Ze.Rath3isaFaig: wait up
(16:28 / Allies) Ze.Rath3isaFaig: gowe could ambush
(16:50 / Allies) Ze.Rath3isaFaig: pink watch it
(16:58 / Allies) TLoo98: they retreat
(16:59 / Allies) MeMpHiS_III: i need to be in front
(17:00 / Allies) Ze.Rath3isaFaig: meet we can ambush
(17:05 / Allies) Ze.Rath3isaFaig: nm stay
(17:25 / Allies) Ze.Rath3isaFaig: mvoe pink
(17:26 / Allies) Ze.Rath3isaFaig: move
(18:15 / Allies) TLoo98: come level up
(18:26 / Allies) Ze.Rath3isaFaig: wtf ar eyou doing
(18:28 / Allies) Ze.Rath3isaFaig: lol
(18:29 / Allies) Ze.Rath3isaFaig: careful man
(19:16 / Allies) Ze.Rath3isaFaig: meet
(19:17 / Allies) Ze.Rath3isaFaig: we can hit at red
(19:31 / Allies) TLoo98: k
(19:32 / Allies) TLoo98: sec
(19:42 / Allies) TLoo98: need shop
(19:43 / Allies) MeMpHiS_III: a fien d there
(20:07 / Allies) Ze.Rath3isaFaig: be rdy to tp
(20:09 / Allies) Ze.Rath3isaFaig: they may be hitting me
(20:49 / Allies) Ze.Rath3isaFaig: lets go teal
(20:53 / Allies) Ze.Rath3isaFaig: more shamans too man
(20:59 / Allies) Ze.Rath3isaFaig: tp now
(21:05 / Allies) TLoo98: w8 for teal
(21:08 / Allies) TLoo98: tp now
(21:10 / Allies) Ze.Rath3isaFaig: tp damnit
(21:12 / Allies) TLoo98: tp
(21:13 / Allies) TLoo98: tp
(21:13 / Allies) Ze.Rath3isaFaig: fuckin gidiot
(21:14 / Allies) TLoo98: tp
(21:18 / Allies) Ze.Rath3isaFaig: wow
(23:11 / Allies) Ze.Rath3isaFaig: meet i still have my entire army
(23:13 / Allies) Ze.Rath3isaFaig: less a fiend and a frost
(23:37 / Allies) MeMpHiS_III: i miss there
(23:44 / Allies) Ze.Rath3isaFaig: stay togher
(23:56 / Allies) Ze.Rath3isaFaig: don't run in teal
(24:13 / Allies) Ze.Rath3isaFaig: b
(24:52 / Allies) TLoo98: im b
(25:06 / Allies) Ze.Rath3isaFaig: out
(25:25 / Allies) Ze.Rath3isaFaig: wow
(25:27 / Allies) Ze.Rath3isaFaig: fucking amazing
(25:50 / Allies) Ze.Rath3isaFaig: back up pink
(26:20 / Allies) Ze.Rath3isaFaig: b
(28:01 / Allies) Ze.Rath3isaFaig: mass
(28:19 / Allies) Ze.Rath3isaFaig: copters or tanks
(28:20 / Allies) MeMpHiS_III: any gold?
(28:20 / Allies) Ze.Rath3isaFaig: mass tanks now
(28:21 / Allies) TLoo98: tanks coming
(28:32 / Allies) Ze.Rath3isaFaig: you got healing wards pink?
(28:46 / Allies) MeMpHiS_III: yes
(28:49 / Allies) MeMpHiS_III: i put a feww
(29:37 / Allies) Ze.Rath3isaFaig: meet
(29:39 / Allies) Ze.Rath3isaFaig: we can go back to red
(30:24 / Allies) MeMpHiS_III: çfucking banshees
(30:30 / Allies) Ze.Rath3isaFaig: i sleneced them
(30:31 / Allies) TLoo98: im targeting casters first
(30:33 / Allies) Ze.Rath3isaFaig: they didn't do much
(30:52 / Allies) Ze.Rath3isaFaig: come teal
(31:08 / Allies) Ze.Rath3isaFaig: always waiting on teal
(31:23 / Allies) TLoo98: waiting there
(31:25 / Allies) Ze.Rath3isaFaig: just air
(31:30 / Allies) Ze.Rath3isaFaig: we can win
(31:37 / Allies) Ze.Rath3isaFaig: meet
(31:37 / Allies) MeMpHiS_III: check expas
(32:07 / Allies) Ze.Rath3isaFaig: DO NOT COMMIT
(32:11 / Allies) Ze.Rath3isaFaig: if too much we can always tp out
(32:19 / Allies) Ze.Rath3isaFaig: don't lose everything then say, "oh well shoulda tpd"
(32:23 / Allies) MeMpHiS_III: need a tp
(32:34 / Allies) Ze.Rath3isaFaig: yeah don't go if you don't hav ea tp...
(32:35 / Allies) Ze.Rath3isaFaig: ge tone real quick
(32:37 / Allies) MeMpHiS_III: gold pls
(32:59 / Allies) Ze.Rath3isaFaig: tanks up front
(33:07 / Allies) Ze.Rath3isaFaig: her ewe og
(33:10 / Allies) Ze.Rath3isaFaig: GO
(33:40 / All) Ze.Rath3isaFaig: g
(33:43 / All) Ze.Rath3isaFaig: it's over
(34:04 / Allies) MeMpHiS_III: gj guys
(34:14 / All) TLoo98: gg
(34:19 / All) MeMpHiS_III: gg